Description

scarlett vs rogue

Build Order

Get SALT Encoding   

  12  0:00  Drone  
  13  0:05  Drone  
  14  0:13  Extractor  
  13  0:27  Spawning Pool  
  12  0:57  Hatchery  
  11  1:14  Queen  
  13  1:25  Metabolic Boost  
  13  1:35  Overlord  
  12  0:35  Action  move 2 drones to gas
  13  1:40  Zergling  
  20  2:10  Action  transfer 2 drones to natural
Spawning Tool Build Advisor. Get it on Overwolf

Go to:

Details

  • Created by: matthewpiatetsky
  • Published on: Apr 25, 2020
  • Modified on: Apr 25, 2020
  • Patch: 4.11.0
Show
View Real Time Build Order
Export as new Build Order

Comments (1)

On Dec. 28, 2020, 1:16 p.m., .Life  said:

To nie dokońca tak wygląda

Create an account to comment!